 Dungeon Crawl Stone Soup version 0.31-a0-354-g827e095 (webtiles) character file.

Game seed: 12091583227868913103

62940 Dawnplanks the Severer (level 15, -6/136 HPs)
             Began as a Hill Orc Fighter on July 23, 2023.
             Was a High Priest of Okawaru.
             Killed by divine providence
             ... invoked by a smoke demon
             ... summoned by an orc sorcerer
              (13 damage)
             ... on level 2 of the Orcish Mines.
             The game lasted 01:01:23 (22521 turns).

Dawnplanks the Severer (Hill Orc Fighter)          Turns: 22521, Time: 01:01:23

Health: -6/136     AC: 35    Str: 36    XL:     15   Next: 8%
Magic:  19/24      EV: 12    Int: 16    God:    Okawaru [*****.]
Gold:   3186       SH: 12    Dex:  6    Spells: 14/14 levels left

rFire   + . .        G - +9 hand axe of the Onslaught {freeze, rCorr Int+5 Dex-4}
rCold   . . .        M - +5 buckler of Impatience {rC+ Will+ rCorr Str-3}
rNeg    . . .        O - +11 chain mail of Ejoopsoc {rC- Str+6 Int+3}
rPois   .            w - +1 helmet of Dawn {rF+ rCorr}
rElec   .            S - +2 cloak
rCorr   +            (no gloves)
SInv    .            I - +2 pair of boots {Fly}
Will    ++...        (no amulet) Stlth
                     L - +6 ring of strength
HPRegen 0.42/turn    x - ring of wizardry
MPRegen 0.19/turn

%: wizardry (x1)
@: about to teleport, heroic, finesse-ful, flying
A: no striking features
a: Renounce Religion, Convert to Beogh, Heroism, Finesse, Duel


You were on level 2 of the Orcish Mines.
You worshipped Okawaru.
Okawaru was extremely pleased with you.
You visited 4 branches of the dungeon, and saw 20 of its levels.
You also visited: Sewer and Bailey.

You collected 3186 gold pieces.

Inventory:

Hand Weapons
 E - a +4 flail
 G - the +9 hand axe of the Onslaught (weapon) {freeze, rCorr Int+5 Dex-4}
   (You found it on level 8 of the Dungeon)

   Int:       It affects your intelligence (+5).
   Dex:       It affects your dexterity (-4).
   rCorr:     It protects you from acid and corrosion.
Missiles
 j - 6 throwing nets
 K - 23 boomerangs (quivered)
Armour
 m - a +1 kite shield
 w - the +1 helmet of Dawn (worn) {rF+ rCorr}
   (You took it off Robin on level 4 of the Dungeon)

   rF:        It protects you from fire.
   rCorr:     It protects you from acid and corrosion.
 D - the +18 Lear's hauberk
   (You found it on level 6 of the Dungeon)
 I - a +2 pair of boots of flying (worn)
 M - the +5 buckler of Impatience (worn) {rC+ Will+ rCorr Str-3}
   (Okawaru gifted it to you on level 5 of the Lair of Beasts)

   Str:       It affects your strength (-3).
   rC:        It protects you from cold.
   rCorr:     It protects you from acid and corrosion.
   Will:      It increases your willpower.
 O - the +11 chain mail of Ejoopsoc (worn) {rC- Str+6 Int+3}
   (You found it on level 1 of the Lair of Beasts)

   Str:       It affects your strength (+6).
   Int:       It affects your intelligence (+3).
   rC:        It makes you vulnerable to cold.
 S - a +2 cloak (worn)
 U - a +0 tower shield
Jewellery
 c - a ring of fire
 x - a ring of wizardry (right hand)
 B - a ring of resist corrosion
 L - a +6 ring of strength (left hand)
Wands
 h - a wand of acid (10)
 v - a wand of digging (8)
 F - a wand of iceblast (16)
 P - a wand of flame (21)
Scrolls
 a - 3 scrolls of enchant weapon {unknown}
 e - a scroll of fog {unknown}
 g - 2 scrolls of torment {unknown}
 i - 8 scrolls of teleportation
 k - 3 scrolls of enchant armour
 n - 4 scrolls of blinking
 p - 2 scrolls of brand weapon {unknown}
 q - 5 scrolls of noise
 r - 2 scrolls of silence
 y - 2 scrolls of vulnerability
 J - 3 scrolls of immolation {unknown}
 Q - a scroll of poison
 R - 3 scrolls of acquirement {unknown}
 T - 3 scrolls of summoning {unknown}
 V - a scroll of fear
 Y - a scroll of revelation
 Z - a scroll of amnesia
Potions
 b - 2 potions of berserk rage
 d - 2 potions of might
 f - 10 potions of curing
 l - 4 potions of haste
 o - a potion of mutation
 s - 5 potions of heal wounds
 t - a potion of attraction
 u - a potion of ambrosia
 z - a potion of resistance
 A - 5 potions of enlightenment
 C - 4 potions of brilliance
 H - 2 potions of lignification
 N - a potion of invisibility
 X - a potion of cancellation
Miscellaneous
 W - a tin of tremorstones (2/2)


   Skills:
 + Level 13.2(18.2) Fighting
 + Level 18.1(23.4) Axes
 - Level 5.0(16.2) Maces & Flails
 + Level 12.0(17.0) Armour
 + Level 4.9(9.9) Dodging
 + Level 12.5(17.5) Shields
 * Level 12.9 Invocations


You had 14 spell levels left.
You didn't know any spells.
Your spell library contained the following spells:

 Spells                   Type           Power      Damage    Failure   Level
 Freeze                   Ice            0%         1d3       24%         1
 Slow                     Hex            0%         N/A       24%         1
 Sting                    Tmut/Pois      0%         1d3       24%         1
 Cigotuvi's Dreadful Rot  Necr/Pois/Air  0%         N/A       32%         2
 Poisonous Vapours        Pois/Air       0%         N/A       32%         2
 Sublimation of Blood     Necr           0%         N/A       32%         2
 Wereblood                Tmut           0%         N/A       32%         2
 Confusing Touch          Hex            0%         N/A       54%         3
 Frozen Ramparts          Ice            0%         1d1       54%         3
 Hailstorm                Conj/Ice       0%         3d3       54%         3
 Ignite Poison            Fire/Tmut/Pois 0%         N/A       54%         3
 Inner Flame              Hex/Fire       0%         N/A       54%         3
 Portal Projectile        Hex/Tloc       0%         N/A       54%         3
 Vampiric Draining        Necr           0%         2d6       54%         3
 Dispel Undead            Necr           0%         3d6       90%         4
 Leda's Liquefaction      Hex/Erth       0%         N/A       90%         4
 Olgreb's Toxic Radiance  Pois           0%         N/A       90%         4
 Freezing Cloud           Conj/Ice/Air   0%         6-21      99%         5
 Lee's Rapid Deconstruct  Erth           0%         3d4*      99%         5
 Leda's Unmaking          Conj/Erth      0%         9d1       100%        6
 Plasma Beam              Fire/Air       0%         2x1d10    100%        6
 Ignition                 Fire           0%         3d3       100%        8
 Call Canine Familiar     Summ           Unusable   N/A       N/A         3
 Death Channel            Necr           Unusable   N/A       N/A         6
 Summon Hydra             Summ           Unusable   N/A       N/A         7

Dungeon Overview and Level Annotations

Branches:
Dungeon (12/15)            Temple (1/1) D:5            Lair (5/5) D:8
  Swamp (0/4) Lair:3        Snake (0/4) Lair:2        Slime (0/5) Lair:5
    Orc (2/2) D:12            Elf (0/3) Orc:2         Sewer (visited)
 Bailey (visited)

Altars:
Ashenzari
Cheibriados
Dithmenos
Elyvilon
Fedhas
Gozag
Hepliaklqana
Kikubaaqudgha
Makhleb
Nemelex Xobeh
Okawaru
Qazlal
Ru
Sif Muna
Trog
Uskayaw
Vehumet
Wu Jian
Xom
Yredelemnul
Zin
The Shining One
Jiyva

Shops:
D:8 :   D:12 [

Annotations:
Lair:2 3 runed translucent doors, Ruoseczu's ghost, journeyman MiFi
Lair:4 2 transporters, Xagratia's ghost, journeyman MiFi


Message History

The orc knight is severely wounded.
You barely miss the orc warrior. You slash the orc warrior!
You freeze the orc warrior.
You hit the orc knight but do no damage.
The orc knight is severely wounded.
You hit the orc warrior. You freeze the orc warrior.
The orc priest shouts, "Surrender to Beogh and we'll let you live!"
The orc high priest shouts, "Beogh is our master!
Accept the truth or die!"
You hit the orc warrior. You freeze the orc warrior.
You kill the orc warrior!
Okawaru accepts your kill.
The orc warrior hits you but does no damage.
The orc priest invokes the aid of Beogh against you.
Beogh smites you!
The orc sorcerer points at you and mumbles some strange words.
You resist with almost no effort.
An orc warrior comes into view. It is wielding a +0 flail.
As you read the scroll of teleportation, it crumbles to dust.
You feel strangely unstable.
The orc knight hits you with a +0 great sword!
The orc sorcerer mumbles some strange words.
You block the orc warrior's attack.
The orc high priest calls down the wrath of Beogh upon you.
Beogh smites you!
* * * LOW HITPOINT WARNING * * *
The orc warrior attacks as you move away!
The orc warrior hits you but does no damage.
The orc knight attacks as you move away!
You block the orc knight's attack.
The orc knight attacks as you move away!
The orc knight unwields a +0 arbalest.
The orc knight wields a +3 bardiche.
The orc knight hits you with a +3 bardiche!!
* * * LOW HITPOINT WARNING * * *
The orc knight unwields a +0 great sword.
The orc knight wields a +0 arbalest.
The orc knight shoots a bolt.
You block the bolt. You block the orc knight's attack.
The orc high priest utters an invocation to Beogh.
The smoke demon gestures at you. Something smites you!
You die...

#.....#......#...
##.........>.....
##.......#......
##.............
##............
#####.............
###...##............
##......##...........
###..o@....##..........
#..4o)##....#..........
#3.oo####...##.........
#..3÷4 #....#.........
#÷.÷÷oo ##)............
#...o.. #.............
#..oo°. #.............
#.....÷
###..)..........
#...÷..
#.#..)..........


You could see 2 orc knights, an orc high priest (strong), an ice devil
(summoned), a rust devil (summoned), a smoke demon (summoned), a ynoxinul
(summoned), 2 orc sorcerers, 2 orc warriors and an orc priest (strong).

Vanquished Creatures
  A slime creature (D:12)
  The ghost of Loaraut the Geomancer, a journeyman DrEE of Gozag (Lair:1)
  6 hydras
  Harold (D:9)
  A two-headed ogre (D:11)
  A centaur warrior (D:9)
  A boulder beetle (D:12)
  The ghost of Onnudd the Unseen, a journeyman SpEn of Okawaru (Lair:3)
  6 death yaks (Lair:5)
  An orc high priest (Orc:2)
  12 spriggans (Lair:5)
  Sonja (Lair:2)
  3 skysharks
  3 orc knights
  Pikel (D:5)
  A lindwurm (Lair:5)
  2 orc sorcerers (Orc:2)
  A deep elf pyromancer (D:12)
  An ugly thing (D:11)
  A cyclops (D:12)
  4 black mambas
  15 elephants (Lair:3)
  8 cane toads
  An unseen horror (D:12)
  3 rime drakes
  6 komodo dragons
  6 trolls
  7 hornets (Lair:5)
  A tyrant leech (Lair:3)
  Grinder (D:6)
  Prince Ribbit (D:6)
  5 polar bears
  6 blink frogs
  13 dream sheep
  2 wraiths (D:12)
  2 shadows
  43 yaks
  4 basilisks
  A spriggan (shapeshifter) (D:9)
  5 wyverns
  12 vampire mosquitoes
  Edmund (D:6)
  An acid dragon (D:9)
  2 nagas (Lair:2)
  22 water moccasins
  27 orc warriors
  5 black bears
  2 ice beasts
  7 centaurs
  7 ogres
  3 boggarts (Lair:5)
  31 wolves
  9 kobold brigands
  3 phantoms
  A lemure (D:5)
  2 gnoll sergeants (D:9)
  7 bullfrogs
  4 scorpions
  12 killer bees
  2 electric eels (Lair:5)
  7 howler monkeys
  3 hounds
  5 jellies
  16 orc priests
  2 sleepcaps (D:6)
  A gnoll bouda (D:6)
  4 hell rats (Lair:1)
  An iguana (D:4)
  20 orc wizards
  Robin (D:4)
  6 adders
  13 gnolls
  5 river rats
  A shadow imp (D:6)
  3 white imps
  2 ufetubi
  6 worms
  A dart slug (D:4)
  73 orcs
  5 ball pythons
  4 endoplasms
  A giant cockroach (D:4)
  14 goblins
  14 hobgoblins
  8 jackals
  7 quokkas
  9 bats
  3 frilled lizards
  40 kobolds
  17 rats
632 creatures vanquished.

Notes
Turn   | Place    | Note
-------+----------+-------------------------------------------
     0 | D:1      | Dawnplanks the Hill Orc Fighter began the quest for the
                  | Orb.
     0 | D:1      | Reached XP level 1. HP: 19/19 MP: 1/1
   132 | D:1      | Reached XP level 2. HP: 27/27 MP: 2/2
   378 | D:1      | Reached skill level 3 in Axes
   755 | D:2      | Reached XP level 3. HP: 27/33 MP: 3/3
   917 | D:2      | Reached skill level 4 in Axes
  1030 | D:2      | Identified the +7 leather armour of Beogh's Regard {rF+
                  | rCorr Str-5 Stlth+}
  1267 | D:2      | Reached XP level 4. HP: 36/40 MP: 4/4
  1752 | D:3      | Reached skill level 5 in Axes
  2033 | D:3      | Noticed a scorpion
  2040 | D:3      | Killed a scorpion
  2041 | D:3      | Reached skill level 6 in Axes
  2041 | D:3      | Reached XP level 5. HP: 31/46 MP: 5/5
  2516 | D:4      | Found a glowing drain.
  2532 | Sewer    | Entered a sewer
  2891 | Sewer    | Noticed a kobold brigand
  2904 | Sewer    | Killed a kobold brigand
  2905 | Sewer    | Reached XP level 6. HP: 45/53 MP: 6/6
  3163 | D:4      | Reached skill level 7 in Axes
  3163 | D:4      | Reached skill level 1 in Dodging
  3350 | D:4      | Reached XP level 7. HP: 49/60 MP: 7/7
  4193 | D:4      | Identified the +1 helmet of Dawn {rF+ rCorr}
  4193 | D:4      | Noticed Robin
  4214 | D:4      | Killed Robin
  4299 | D:5      | Entered Level 5 of the Dungeon
  4323 | D:5      | Reached skill level 8 in Axes
  4767 | D:5      | Reached skill level 5 in Fighting
  4767 | D:5      | Reached skill level 9 in Axes
  4767 | D:5      | Reached XP level 8. HP: 50/68 MP: 8/8
  4831 | D:5      | Noticed Pikel
  4864 | D:5      | Killed Pikel
  4865 | D:5      | Reached skill level 10 in Axes
  4865 | D:5      | Reached skill level 5 in Armour
  4865 | D:5      | Reached skill level 5 in Shields
  5042 | D:5      | Found a staircase to the Ecumenical Temple.
  5056 | Temple   | Entered the Ecumenical Temple
  5219 | D:5      | Reached skill level 11 in Axes
  5493 | D:6      | Noticed Prince Ribbit
  5506 | D:6      | Killed Prince Ribbit
  5507 | D:6      | Reached XP level 9. HP: 49/75 MP: 9/9
  5678 | D:6      | Reached skill level 12 in Axes
  5780 | D:6      | Noticed Grinder
  5786 | D:6      | Killed Grinder
  5867 | D:6      | Reached skill level 13 in Axes
  5870 | D:6      | HP: 3/75 [yak (6)]
  6260 | D:6      | Reached skill level 14 in Axes
  6260 | D:6      | Reached XP level 10. HP: 58/84 MP: 10/10
  6796 | D:6      | Noticed Edmund
  6817 | D:6      | Killed Edmund
  7184 | D:6      | Found the +18 Lear's hauberk
  8066 | D:7      | Found a shadowy altar of Dithmenos.
  8183 | D:7      | Found a broken altar of Ashenzari.
  8184 | D:7      | Found a glowing golden altar of the Shining One.
  8185 | D:7      | Found a shimmering blue altar of Sif Muna.
  8185 | D:7      | Found an iron altar of Okawaru.
  8185 | D:7      | Found a basalt altar of Yredelemnul.
  8185 | D:7      | Found a burning altar of Makhleb.
  8186 | D:7      | Found a sparkling altar of Nemelex Xobeh.
  8187 | D:7      | Found a hazy altar of Hepliaklqana.
  8188 | D:7      | Found a sacrificial altar of Ru.
  8189 | D:7      | Found a stormy altar of Qazlal.
  8193 | D:7      | Became a worshipper of Warmaster Okawaru
  8470 | D:8      | Identified the +1 leather armour of Ufauxur {Int+3}
  8546 | D:8      | Found a hide-covered altar of Uskayaw.
  8547 | D:8      | Found a blossoming altar of Fedhas.
  8565 | D:8      | Found a flagged portal.
  8629 | D:8      | Identified the +9 hand axe of the Onslaught {freeze, rCorr
                  | Int+5 Dex-4}
  8634 | Bailey   | Entered a bailey
  8646 | Bailey   | Noticed an orc knight
  8692 | Bailey   | Killed an orc knight
  8693 | Bailey   | Reached skill level 15 in Axes
  8693 | Bailey   | Reached skill level 1 in Invocations
  8780 | Bailey   | Identified the +2 falchion "Tiulit" {antimagic, +Blink
                  | rElec Dex-2 Stlth+}
  9191 | D:8      | Found Hass's Tiny Tomes.
  9301 | D:8      | Found a staircase to the Lair.
  9325 | D:8      | Reached * piety under Okawaru
  9692 | D:8      | Reached XP level 11. HP: 84/93 MP: 13/13
  9992 | D:9      | Reached ** piety under Okawaru
 10184 | D:9      | Noticed a five-headed hydra
 10184 | D:9      | Noticed a centaur warrior
 10196 | D:9      | Killed a five-headed hydra
 10208 | D:9      | Killed a centaur warrior
 10209 | D:9      | Reached skill level 1 in Maces & Flails
 10209 | D:9      | Reached skill level 5 in Invocations
 10221 | D:9      | Reached *** piety under Okawaru
 10567 | D:9      | Noticed Harold
 10574 | D:9      | Killed Harold
 10984 | D:10     | Entered Level 10 of the Dungeon
 11617 | D:10     | Found an opulent altar of Gozag.
 11667 | D:10     | Found a snail-covered altar of Cheibriados.
 12066 | D:11     | Received a gift from Okawaru
 12276 | D:11     | Noticed a two-headed ogre
 12278 | D:11     | Noticed a purple ugly thing
 12284 | D:11     | Killed a two-headed ogre
 12284 | D:11     | Reached **** piety under Okawaru
 12294 | D:11     | Killed a purple ugly thing
 12577 | D:11     | Reached XP level 12. HP: 95/104 MP: 17/17
 12914 | Lair:1   | Entered Level 1 of the Lair of Beasts
 13253 | Lair:1   | Reached ***** piety under Okawaru
 13258 | Lair:1   | Reached skill level 16 in Axes
 13550 | Lair:1   | Identified the +0 robe of Contumacious Leaves {Int+3
                  | Stlth+}
 13825 | Lair:1   | Found a runed translucent door.
 14230 | Lair:1   | Noticed Loaraut's ghost (journeyman DrEE)
 14341 | Lair:1   | Killed Loaraut's ghost
 14347 | Lair:1   | Identified the +11 chain mail of Ejoopsoc {rC- Str+6 Int+3}
 14449 | Lair:2   | Identified the +11 halberd "Xeapin" {antimagic, rN++ Will+
                  | Int+2 Dex-3} (Okawaru gifted it to you on level 2 of the
                  | Lair of Beasts)
 14449 | Lair:2   | Received a gift from Okawaru
 14519 | Lair:2   | You are sucked into a shaft and drop 1 floor!
 14533 | Lair:3   | Noticed a six-headed hydra
 14554 | Lair:3   | Killed a six-headed hydra
 14555 | Lair:3   | Reached skill level 10 in Fighting
 14596 | Lair:3   | Reached skill level 10 in Shields
 14618 | Lair:3   | Noticed a skyshark
 14829 | Lair:3   | Reached XP level 13. HP: 111/114 MP: 19/19
 14833 | Lair:3   | Received a gift from Okawaru
 14864 | Lair:3   | Identified the +0 leather armour "Ivvoomymn" {Rampage}
 14868 | Lair:3   | Got the Codex of the Dragon and Composition
 14889 | Lair:3   | Found a staircase to the Swamp.
 14926 | Lair:3   | Reached skill level 10 in Armour
 15535 | Lair:2   | Reached skill level 17 in Axes
 15660 | Lair:2   | Reached skill level 10 in Invocations
 15745 | Lair:2   | Found a runed translucent gate.
 15745 | Lair:2   | Found a runed translucent gate.
 15745 | Lair:2   | Found a runed translucent gate.
 15757 | Lair:2   | Noticed Sonja
 15780 | Lair:2   | Killed Sonja
 15995 | Lair:2   | Found a staircase to the Snake Pit.
 16056 | Lair:2   | Noticed a minotaur
 16210 | Lair:2   | Noticed Ruoseczu's ghost (journeyman MiFi)
 16530 | Lair:3   | Noticed Onnudd's ghost (journeyman SpEn)
 16531 | Lair:3   | Found a runed translucent door.
 17184 | Lair:3   | Killed Onnudd's ghost
 17258 | Lair:4   | Identified the +3 hand axe "Wutoze" {chaos, rPois Will-
                  | Dex+2} (Okawaru gifted it to you on level 4 of the Lair of
                  | Beasts)
 17258 | Lair:4   | Received a gift from Okawaru
 17472 | Lair:4   | Reached ****** piety under Okawaru
 17480 | Lair:4   | Found a transporter.
 17485 | Lair:4   | Found a transporter.
 17487 | Lair:4   | Noticed Xagratia's ghost (journeyman MiFi)
 17489 | Lair:4   | Found a bloodstained altar of Trog.
 18204 | Lair:5   | Entered Level 5 of the Lair of Beasts
 18212 | Lair:5   | Reached XP level 14. HP: 125/125 MP: 22/22
 18213 | Lair:5   | Reached skill level 5 in Maces & Flails
 18239 | Lair:5   | Identified the +7 plate armour "Vozxyama" {Fly} (Okawaru
                  | gifted it to you on level 5 of the Lair of Beasts)
 18239 | Lair:5   | Received a gift from Okawaru
 19016 | Lair:5   | Found a staircase to the Slime Pits.
 19017 | Lair:5   | Found a viscous altar of Jiyva.
 20145 | Lair:5   | Identified the +5 buckler of Impatience {rC+ Will+ rCorr
                  | Str-3} (Okawaru gifted it to you on level 5 of the Lair of
                  | Beasts)
 20145 | Lair:5   | Received a gift from Okawaru
 21030 | D:12     | Found Cajelerph's Armour Emporium.
 21031 | D:12     | Found a staircase to the Orcish Mines.
 21324 | D:12     | Found a hide-covered altar of Uskayaw.
 21456 | D:12     | Identified the ring "Mablip" {rCorr Str+3 Dex+7 Slay-4}
 21660 | Orc:1    | Entered Level 1 of the Orcish Mines
 21905 | Orc:2    | Entered Level 2 of the Orcish Mines
 22061 | Orc:2    | Reached skill level 18 in Axes
 22061 | Orc:2    | Reached XP level 15. HP: 116/135 MP: 24/24
 22284 | Orc:2    | Found a staircase to the Elven Halls.
 22521 | Orc:2    | Killed from afar by a smoke demon

Illustrated notes

Levels and vault maps discovered:
D:1:      wander_arrival_fairy_ring, layout_basic, minivault_19
D:2:      layout_basic, kennysheep_generic_room_2
D:3:      layout_loops_cross
D:4:      layout_basic, cheibrodos_sewer_entry_sluice, chequers_garden,
          uniq_robin
D:5:      layout_basic, minmay_temple_entry_waves, uniq_pikel
D:6:      cheibrodos_barr_body, layout_layer_cave, hex_tiny,
          hellmonk_guarded_unrand_lears, uniq_edmund, uniq_grinder,
          uniq_prince_ribbit1
D:7:      layout_basic, minitemple, grunt_dithmenos_shadows
D:8:      layout_loops_corners, jmf_multi_god_temple, lair_entry_dummy,
          enter_bailey_2, chequers_serial_rivers_small_3,
          hangedman_decor_clover_reticule, chequers_serial_rivers_marsh,
          nicolae_shop_i_like_small_books_too, chequers_serial_rivers_micro_c
D:9:      layout_loops_ring, minmay_bent, uniq_harold
D:10:     layout_long_grid, cheibrodos_worm_habitat,
          nicolae_gozag_cash_rules_everything_around_me,
          nicolae_straight_to_the_point
D:11:     layout_stronghold
D:12:     layout_roguey, orc_david_3, dk_noncrumbling_2,
          nicolae_uskayaw_murder_on_the_dancefloor
Temple:   nicolae_temple_superstar
Lair:1:   layout_layer_cave, ebering_ghost_reflecting_pool,
          kennysheep_abandoned_house, grunt_megastairs_3
Lair:2:   layout_regular_city, guppyfry_snake_entry_island,
          maelrawn_ghost_gauntlet_escape, serial_forest,
          infiniplex_forest_lined_room_3, infiniplex_forest_corner_1,
          infiniplex_forest_clump_medium, infiniplex_forest_lined_3,
          infiniplex_forest_clump_long, minivault_27, lemuel_fruit_fields,
          uniq_sonja
Lair:3:   layout_concentric_octagons, minmay_swamp_entry_worms,
          hellmonk_ghost_happy_afterlife, nicolae_lair_grazing_beasts
          [nicolae_sub_lair_graze_edge, nicolae_sub_lair_graze_edge,
          nicolae_sub_lair_graze_edge, nicolae_sub_lair_graze_edge]
Lair:4:   layout_roguey, gammafunk_ghost_wrathful_warriors,
          eino_small_chamber_without_monster
Lair:5:   minmay_lair_end_enchanted_forest, layout_regular_city, slime_entry_1,
          pdpol_lair_cavern_descent, grunt_megastairs_4
Orc:1:    layout_caves, basic_altar
Orc:2:    grunt_orc_tribal_feast, layout_caves, uniq_urug

Skill      XL: |  1  2  3  4  5  6  7  8  9 10 11 12 13 14 |
---------------+-------------------------------------------+-----
Axes           | 3 4 6 7 9 11 14 15 16 17 18 | 18.1
Fighting       | 4 5 6 7 9 10 11 13 | 13.2
Armour         | 4 5 6 7 8 9 11 12 | 12.0
Dodging        | 1 2 3 4 |  4.9
Shields        | 4 5 6 7 9 10 11 12 | 12.5
Invocations    | 3 6 9 11 12 | 12.9
Maces & Flails | 3 4 5 |  5.0

Action                     |  1- 3 |  4- 6 |  7- 9 | 10-12 | 13-15 || total
---------------------------+-------+-------+-------+-------+-------++-------
  Melee: War axe           |   123 |   199 |   239 |   169 |       ||   730
         Hand axe          |       |       |       |   505 |   866 ||  1371
         Flail             |       |       |       |    39 |    38 ||    77
  Throw: Stone             |       |       |     2 |     7 |       ||     9
         Boomerang         |       |       |       |     3 |    32 ||    35
         Throwing net      |       |       |       |       |     1 ||     1
 Invoke: Heroism           |       |       |       |     3 |     6 ||     9
         Finesse           |       |       |       |       |     1 ||     1
  Evoke: Wand              |       |       |     3 |     5 |     1 ||     9
    Use: Scroll            |       |     2 |       |     9 |    12 ||    23
         Potion            |       |       |     3 |       |     4 ||     7
 Armour: Scale mail        |    85 |    71 |    93 |    25 |       ||   274
         Chain mail        |       |       |       |   278 |   398 ||   676
  Dodge: Dodged            |    62 |    66 |    78 |   199 |   205 ||   610
  Block: Buckler           |    28 |    21 |       |       |    88 ||   137
         Kite shield       |       |    49 |   120 |   301 |   292 ||   762

Table legend: (Time is in decaauts)
 A = Elapsed time spent in this place.
 B = Non-inter-level travel time spent in this place.
 C = Inter-level travel time spent in this place.
 D = Time resting spent in this place.
 E = Time spent auto-exploring this place.
 F = Levels seen in this place.
 G = Mean time per level.
                   A        B        C        D        E       F      G
               +--------+--------+--------+--------+--------+-----+--------+
         Total |  22289 |  21251 |   1038 |    761 |  16893 |  22 | 1013.1 |
       Dungeon |  13204 |  12504 |    700 |    329 |  10308 |  12 | 1100.3 |
        Temple |     61 |      1 |     60 |      0 |      0 |   1 |   61.0 |
          Lair |   7212 |   6960 |    252 |    344 |   5488 |   5 | 1442.4 |
  Orcish Mines |    795 |    770 |     25 |     88 |    521 |   2 |  397.5 |
         Sewer |    618 |    618 |      0 |      0 |    380 |   1 |  618.0 |
        Bailey |    396 |    396 |      0 |      0 |    195 |   1 |  396.0 |
               +--------+--------+--------+--------+--------+-----+--------+

Top non-repeatable levels by time:
  Lair:5: 2010 daAuts
     D:6: 1978 daAuts
  Lair:3: 1517 daAuts
  Lair:1: 1473 daAuts
     D:4: 1331 daAuts
     D:5: 1294 daAuts
  Lair:2: 1259 daAuts
    D:12: 1121 daAuts
     D:8: 1117 daAuts
     D:9: 1049 daAuts
    D:10: 995 daAuts
  Lair:4: 951 daAuts
    D:11: 938 daAuts
     D:3: 935 daAuts
     D:2: 890 daAuts
